 Dungeon Crawl Stone Soup version 0.31-a0-339-gda1cbd555d (webtiles) character file.

Game seed: 17572483282450058891

42 senseless the Changeling (level 3, 0/27 HPs)
             Began as a Merfolk Shapeshifter on July 20, 2023.
             Slain by a kobold
             ... wielding a +0 dagger
              (1 damage)
             ... on level 2 of the Dungeon.
             The game lasted 00:02:43 (1082 turns).

senseless the Changeling (Merfolk Shapeshifter)     Turns: 1082, Time: 00:02:44

Health: 0/27       AC:  2    Str: 15    XL:     3   Next: 54%
Magic:  3/3        EV: 13    Int:  7    God:
Gold:   83         SH:  0    Dex: 16    Spells: 2/2 levels left

rFire   . .          .
                       - Unarmed
rCold   . . .        l - orb {light}
rNeg    . . .        a - +0 animal skin
rPois   .            e - melded +0 helmet
rElec   .            (cloak currently unavailable)
rCorr   .            (gloves currently unavailable)
SInv    .            (boots currently unavailable)
Will    .....        (no amulet)
Stlth   +            (no ring)
HPRegen 0.24/turn    (no ring)
MPRegen 0.08/turn

%: no passive effects
@: beast-form, glowing
A: beast (slay +3), (nimble swimmer 2), mertail
a: Begin Untransformation


You were on level 2 of the Dungeon.
You were a hulking beast.
You visited 1 branch of the dungeon, and saw 2 of its levels.

You collected 83 gold pieces.

Inventory:

Hand Weapons
 d - a +2 dagger of venom
Armour
 a - a +0 animal skin (worn)
 e - a +0 helmet (melded)
 l - an orb of light (worn)
Talismans
 c - a beast talisman
Scrolls
 f - a scroll of teleportation
 h - a scroll of identify
Potions
 b - a potion of lignification


   Skills:
 + Level 2.0 Fighting
 + Level 3.4 Dodging
 + Level 3.7 Unarmed Combat
 + Level 4.4 Shapeshifting


You had 2 spell levels left.
You didn't know any spells.
Your spell library contained the following spells:

 Spells                   Type           Power      Damage    Failure   Level
 Blink                    Tloc           0%         N/A       56%         2
 Lesser Beckoning         Tloc           0%         N/A       56%         2
 Momentum Strike          Conj/Tloc      0%         3d8       56%         2
 Dazzling Flash           Conj/Hex       0%         N/A       80%         3
 Volatile Blastmotes      Fire/Tloc      0%         2d10      80%         3
 Starburst                Conj/Fire      0%         6d3       100%        6
 Maxwell's Capacitive Co  Air            0%         ∞         100%        8


Dungeon Overview and Level Annotations

Branches:
Dungeon (2/15)

Altars:

Annotations:
D:2 Natasha


Innate Abilities, Weirdness & Mutations

You are a hulking beast.
Your limbs bulge with bestial killing power. (Slay +3)
((You are very nimble when in or above water. (Stealth+, EV+, Speed+++)))
Your lower body shifts to a powerful aquatic tail in water.


Message History

Natasha stares at you and mumbles some strange words.
The magic dart hits you! The hobgoblin barely misses you.
You hit the hobgoblin.
You kill the hobgoblin!
The kobold throws a stone.
The stone hits you.
A hobgoblin comes into view.
Natasha claws you.
You hit Natasha.
Natasha is moderately wounded.
Natasha extends her claws.
Natasha closely misses you.
You punch Natasha!
Natasha is severely wounded.
The kobold closely misses you. The kobold hits you but does no damage.
The kobold hits you with a +0 short sword.
Natasha claws you!
* * * LOW HITPOINT WARNING * * *
You are too injured to fight recklessly!
You are too injured to fight recklessly!
You are too injured to fight recklessly!
You are too injured to fight recklessly!
You are too injured to fight recklessly!
There are monsters nearby!
You hit Natasha.
Natasha is almost dead.
The kobold hits you but does no damage.
The kobold hits you with a +0 short sword.
* * * LOW HITPOINT WARNING * * *
The kobold hits you with a +0 short sword.
* * * LOW HITPOINT WARNING * * *
You closely miss Natasha.
Natasha is almost dead.
Natasha closely misses you. The kobold hits you with a +0 dagger.
* * * LOW HITPOINT WARNING * * *
The kobold closely misses you. The kobold barely misses you.
You hit Natasha but do no damage.
Natasha is almost dead.
Natasha hisses.
Natasha barely misses you. The kobold hits you with a +0 dagger.
You die...

####.†#...### #..###...#
############..#..#.###
#..........#..#.##...#
#...$......#..#.##....
#..........##.#.......
###..........##...##.(##
......gK....>...#.###.##
#....hh.....#.........)
...#..KK.....####.###...
#........><###......#
#..?...............##..
#[##.########........(..
. #. #.......#.....#
..#####.....†........
###..........†#####.#.
#...........#.......


You could see Natasha, a hobgoblin and 3 kobolds.

Vanquished Creatures
  An adder (D:2)
  2 ball pythons
  3 endoplasms
  A giant cockroach (D:1)
  3 hobgoblins
  4 jackals (D:1)
  4 kobolds
  A quokka (D:2)
  2 bats
  2 frilled lizards
  3 goblins (D:1)
  2 rats (D:1)
28 creatures vanquished.

Notes
Turn   | Place    | Note
-------+----------+-------------------------------------------
     0 | D:1      | senseless the Merfolk Shapeshifter began the quest for the
                  | Orb.
     0 | D:1      | Reached XP level 1. HP: 15/15 MP: 1/1
   173 | D:1      | Found a faded altar of an unknown god.
   182 | D:1      | Reached XP level 2. HP: 20/21 MP: 2/2
   866 | D:2      | Reached XP level 3. HP: 26/27 MP: 3/3
  1072 | D:2      | Noticed Natasha
  1081 | D:2      | HP: 1/27 [kobold/+0 dagger (2)]
  1082 | D:2      | Slain by a kobold

Illustrated notes

Levels and vault maps discovered:
D:1:      minmay_arrival_loop, layout_rooms, chequers_ecumenical_altar_island,
          minmay_quantized
D:2:      layout_rooms, basic_altar, minmay_tall_x, uniq_natasha

Skill      XL: |  1  2  3 |
---------------+----------+-----
Dodging        | 3 |  3.4
Fighting       | 2 |  2.0
Unarmed Combat | |  3.7
Shapeshifting  | |  4.4

Action                     || total
---------------------------++-------
  Melee: Unarmed           ||    83
         Tailslap          ||     1
    Use: Scroll            ||     6
         Potion            ||     1
 Armour: Animal skin       ||    14
  Dodge: Dodged            ||    69
         Form:             ||     1
         Beast             ||     1

Table legend: (Time is in decaauts)
 A = Elapsed time spent in this place.
 B = Non-inter-level travel time spent in this place.
 C = Inter-level travel time spent in this place.
 D = Time resting spent in this place.
 E = Time spent auto-exploring this place.
 F = Levels seen in this place.
 G = Mean time per level.
                   A        B        C        D        E       F      G
               +--------+--------+--------+--------+--------+-----+--------+
         Total |   1069 |    999 |     70 |      0 |    795 |   2 |  534.5 |
       Dungeon |   1069 |    999 |     70 |      0 |    795 |   2 |  534.5 |
               +--------+--------+--------+--------+--------+-----+--------+

Top non-repeatable levels by time:
     D:1: 852 daAuts
     D:2: 217 daAuts
